MapleLeafs vs Capitals

Created - March 14, 2016 at 18:37

Goals
1 2 3 T
MapleLeafs 3 2 0 5
Capitals 1 0 0 1
Shots
1 2 3 T
MapleLeafs 5 20 6 31
Capitals 13 4 6 23

1st period

1. MapleLeafs , Dwight King 12 (Milan Lucic, Michael Del Zotto) at 5:34
2. Capitals , Mathieu Perreault 12 (Jiri Tlusty, Cody Eakin) at 13:59
3. MapleLeafs , Matt Duchene 22 (Eric Gelinas, Dwight King) at 17:35 (PP)
4. MapleLeafs , Brock Nelson 17 (Eric Gelinas, Dwight King) at 18:50

Penalties :
Antoine Roussel (TOR) for Unsportsmanlike conduct (Minor) at 2:03, Brock Nelson (TOR) for Tripping (Minor) at 7:54, Derek Dorsett (WSH) for Roughing (Minor) at 17:13

2nd period

5. MapleLeafs , Brock Nelson 18 (Devante Smith-Pelly, Nikita Nikitin) at 3:02 (PP)
6. MapleLeafs , Devante Smith-Pelly 14 (Brock Nelson, Anders Lee) at 11:01 (PP)

Penalties :
Alexander Ovechkin (WSH) for Tripping (Minor) at 1:59, Michael Del Zotto (TOR) for Interference (Minor) at 4:08, Calvin de Haan (WSH) for Hooking (Minor) at 7:34, Calvin de Haan (WSH) for Hooking (Minor) at 9:55, Anders Lee (TOR) for Holding (Minor) at 12:41

3rd period

No Goal

Penalties :
Antoine Roussel (TOR) for Holding (Minor) at 4:43, Dwight King (TOR) for Hooking (Minor) at 8:06, Ryan White (TOR) for Tripping (Minor) at 11:27, Bryce Salvador (WSH) for Hooking (Minor) at 17:45

Goalie Stats

Kevin Poulin (TOR), 22 saves from 23 shots - (0.957), W, 6-6-2, 60:00 minutes
James Reimer (WSH), 22 saves from 23 shots - (0.957), 36:58 minutes
Cam Ward (WSH), 4 saves from 8 shots - (0.500), L, 20-22-6, 23:02 minutes

Players Stats for MapleLeafs

Player Name              G  A  P  +/- PIM S  H  SB GA TA FO     MP     PP MP  PK MP  
------------------------------------------------------------------------------------
Anders Lee               0  1  1  -1  2   1  1  0  0  0  0/0    12:27   3:04   0:00 
Antoine Roussel          0  0  0   0  4   0  1  0  0  0  1/1    12:48   0:00   0:57 
Ben Lovejoy              0  0  0   1  0   0  1  0  0  0  0/0    13:59   0:00   0:00 
Brock Nelson             2  1  3   2  2   4  0  1  0  0  15/35  18:58   3:04   5:59 
Cody Hodgson             0  0  0   0  0   2  0  0  0  0  0/0     8:25   0:00   0:00 
Dennis Seidenberg        0  0  0  -1  0   1  1  0  0  0  0/0    15:31   0:00   1:45 
Devante Smith-Pelly      1  1  2  -1  0   1  0  0  0  0  1/1    19:14   3:04   6:46 
Dwight King              1  2  3   2  2   3  0  0  0  0  0/0    13:20   3:25   0:00 
Eric Gelinas             0  2  2   1  0   1  3  1  0  0  0/0    20:56   3:02   6:01 
Jiri Sekac               0  0  0   0  0   4  1  0  0  0  0/2    11:53   0:00   0:00 
Matt Duchene             1  0  1  -1  0   3  0  1  0  0  9/20   20:18   3:25   7:29 
Matt Martin              0  0  0   0  0   1  0  0  0  0  0/0     8:25   0:00   0:00 
Michael Del Zotto        0  1  1   1  2   0  1  1  0  0  0/0    23:32   3:27   6:07 
Milan Lucic              0  1  1   2  0   2  3  0  0  0  0/0    19:56   3:25   6:35 
Nick Leddy               0  0  0  -1  0   4  0  3  0  0  0/0    25:05   3:27   7:52 
Nikita Nikitin           0  1  1   1  0   2  1  4  0  0  0/0    20:56   3:02   6:01 
Riley Sheahan            0  0  0   0  0   2  0  0  0  0  5/10   11:53   0:00   0:00 
Ryan White               0  0  0   0  2   0  1  0  0  0  3/9     8:24   0:00   0:00 

Players Stats for Capitals

Player Name              G  A  P  +/- PIM S  H  SB GA TA FO     MP     PP MP  PK MP  
------------------------------------------------------------------------------------
Alexander Ovechkin       0  0  0   0  2   0  0  0  0  0  0/0    15:16   0:00   0:22 
Alexander Semin          0  0  0  -1  0   0  0  0  0  0  1/2    10:46   6:22   0:00 
Andrew Desjardins        0  0  0  -1  0   0  0  1  0  0  0/1    11:55   0:00   1:40 
Bryce Salvador           0  0  0   0  2   1  1  0  0  0  0/0    20:11   6:45   2:04 
Calvin de Haan           0  0  0   1  4   0  5  0  0  0  0/0    18:52   5:11   0:52 
Cody Eakin               0  1  1   1  0   1  1  0  0  0  7/10   21:24   6:22   4:49 
David Desharnais         0  0  0  -1  0   3  0  0  0  0  6/8    19:14   7:31   1:24 
Derek Dorsett            0  0  0  -1  2   1  5  0  0  0  0/0    12:16   0:00   0:00 
Jay Harrison             0  0  0  -1  0   0  0  1  0  0  0/0     3:59   0:00   0:00 
Jiri Tlusty              0  1  1   0  0   0  1  0  0  0  0/1    21:55   7:31   0:00 
Mathieu Perreault        1  0  1   1  0   4  0  0  0  0  13/22  16:35   6:22   0:00 
Matt Stajan              0  0  0  -1  0   1  0  0  0  0  2/8     4:24   0:00   0:00 
Mike Green               0  0  0  -1  0   2  0  2  0  0  0/0    22:47   7:49   3:33 
Morgan Rielly            0  0  0   1  0   1  1  0  0  0  0/0    12:51   0:00   0:00 
Nate Guenin              0  0  0   0  0   0  2  0  0  0  0/0    14:19   0:00   2:56 
Ryan Kesler              0  0  0   0  0   2  2  0  0  0  14/25  24:58   7:31   4:43 
Ryan McDonagh            0  0  0  -2  0   4  0  1  0  0  0/0    26:58   8:01   3:33 
Taylor Hall              0  0  0   0  0   3  0  0  0  0  1/1    14:46   0:00   0:00 

3 Stars

1 - Brock Nelson (TOR)
2 - Dwight King (TOR)
3 - Kevin Poulin (TOR)

Power Play

MapleLeafs - 3 on 5 Attempt(s) - 60.00%
Capitals - 0 on 7 Attempt(s) - 0.00%

Penalty Kill

MapleLeafs - 7 on 7 Attempt(s) - 100.00% - Score 0 goal in Penalty Kill
Capitals - 2 on 5 Attempt(s) - 40.00% - Score 0 goal in Penalty Kill

Team Stat

MapleLeafs - Hits : 14 - Faceoff Wins : 34 - Blocked Shots : 11 - Penalty Minutes : 14
Capitals - Hits : 18 - Faceoff Wins : 44 - Blocked Shots : 5 - Penalty Minutes : 10

Official

Referees : Wes McCauley and Kendrick Nicholson
Linesman : Shandor Alphonso and Mark Shewchyk

Game Notes

James Reimer enters game at 3:02 of 2nd period

Finance

Level 1 -- Attendance: 2274 (34.98%) -- Ticket Income $568,500
Level 2 -- Attendance: 1621 (32.42%) -- Ticket Income $324,200
Level 3 -- Attendance: 989 (28.26%) -- Ticket Income $173,075
Level 4 -- Attendance: 578 (23.06%) -- Ticket Income $86,700
Luxury Box -- Attendance: 449 (44.90%) -- Ticket Income $179,600
Game was played at the Verizon Center.
Total Attendance: 5911 (31.94%)
Total Ticket Income: $1,332,075
Other Income: $199,811
Total Income: $1,531,886

% Time on Ice - MapleLeafs

Lines # - Real PCT - Wanted PCT - Time Play
Normal Forward
1 - 25% - 30% - 9:56
2 - 24% - 27% - 9:24
3 - 30% - 25% - 11:53
4 - 21% - 18% - 8:25
Normal Defense
1 - 35% - 39% - 13:46
2 - 35% - 34% - 13:59
3 - 30% - 27% - 11:53
4 - 0% - 0% - 0:00
PP Forward
1 - 53% - 55% - 3:25
2 - 47% - 45% - 3:04
PP Defense
1 - 53% - 55% - 3:27
2 - 47% - 45% - 3:02
PK Forward
1 - 53% - 52% - 7:18
2 - 47% - 48% - 6:35
PK Defense
1 - 57% - 60% - 7:52
2 - 43% - 40% - 6:01
PK3 Forward
1 - 0% - 55%
2 - 0% - 45%
PK3 Defense
1 - 0% - 60%
2 - 0% - 40%
44 Forward
1 - 0% - 55%
2 - 0% - 45%
44 Defense
1 - 0% - 60%
2 - 0% - 40%
Last Minute Offensive  - 0:00
Last Minute Defensive  - 0:00
Total
Forward - 60:00
Defense - 60:00

% Time on Ice - Capitals

Lines # - Real PCT - Wanted PCT - Time Play
Normal Forward
1 - 37% - 33% - 14:46
2 - 26% - 30% - 10:13
3 - 26% - 22% - 10:15
4 - 11% - 15% - 4:24
Normal Defense
1 - 29% - 33% - 11:25
2 - 32% - 26% - 12:51
3 - 29% - 26% - 11:23
4 - 10% - 15% - 3:59
PP Forward
1 - 54% - 60% - 7:31
2 - 46% - 40% - 6:22
PP Defense
1 - 63% - 60% - 8:42
2 - 37% - 40% - 5:11
PK Forward
1 - 78% - 60% - 5:05
2 - 22% - 40% - 1:24
PK Defense
1 - 55% - 60% - 3:33
2 - 45% - 40% - 2:56
PK3 Forward
1 - 0% - 60%
2 - 0% - 40%
PK3 Defense
1 - 0% - 60%
2 - 0% - 40%
44 Forward
1 - 0% - 60%
2 - 0% - 40%
44 Defense
1 - 0% - 60%
2 - 0% - 40%
Last Minute Offensive  - 0:00
Last Minute Defensive  - 0:00
Total
Forward - 60:00
Defense - 60:00

Play by Play

1st period


0:01 of 1st period - Ryan Kesler wins face-off versus Brock Nelson in neutral zone.
0:12 of 1st period - Shot by Ryan Kesler.
0:12 of 1st period - Shot Blocked by Nick Leddy.
0:28 of 1st period - Shot by Taylor Hall.
0:28 of 1st period - Stopped by Kevin Poulin with a rebound.
0:30 of 1st period - Shot by Alexander Ovechkin.
0:30 of 1st period - Shot Misses the Net.
0:34 of 1st period - Shot by Ryan Kesler.
0:34 of 1st period - Shot Blocked by Brock Nelson.
1:34 of 1st period - Shot by Matt Duchene.
1:34 of 1st period - Shot Misses the Net.
2:03 of 1st period - Minor Penalty to Antoine Roussel for Unsportsmanlike conduct.
2:04 of 1st period - Ryan Kesler wins face-off versus Brock Nelson in MapleLeafs zone.
2:21 of 1st period - Shot by David Desharnais.
2:21 of 1st period - Shot Misses the Net.
2:23 of 1st period - Shot by Bryce Salvador.
2:23 of 1st period - Stopped by Kevin Poulin with a rebound.
3:03 of 1st period - Shot by Cody Eakin.
3:03 of 1st period - Shot Misses the Net.
3:07 of 1st period - Shot by Mike Green.
3:07 of 1st period - Shot Misses the Net.
3:09 of 1st period - Shot by Ryan McDonagh.
3:09 of 1st period - Stopped by Kevin Poulin without a rebound.
3:10 of 1st period - Mathieu Perreault wins face-off versus Brock Nelson in MapleLeafs zone.
3:20 of 1st period - Alexander Semin is hit by Eric Gelinas.
3:44 of 1st period - Icing by Mathieu Perreault.
3:45 of 1st period - Matt Duchene wins face-off versus Mathieu Perreault in Capitals zone.
3:55 of 1st period - Icing by Mathieu Perreault.
3:56 of 1st period - Brock Nelson wins face-off versus Mathieu Perreault in Capitals zone.
4:19 of 1st period - Matt Martin is hit by Derek Dorsett and loses puck.
5:06 of 1st period - Shot by Alexander Ovechkin.
5:06 of 1st period - Shot Blocked by Eric Gelinas.
5:22 of 1st period - Shot by Alexander Ovechkin.
5:22 of 1st period - Deflect By Ryan Kesler.
5:22 of 1st period - Stopped by Kevin Poulin without a rebound.
5:23 of 1st period - Matt Stajan wins face-off versus Brock Nelson in MapleLeafs zone.
5:32 of 1st period - Shot by Milan Lucic.
5:32 of 1st period - Shot Blocked by Jay Harrison.
5:34 of 1st period - Shot by Dwight King.
5:34 of 1st period - Goal by Dwight King - MapleLeafs : 1 - Capitals : 0.
5:35 of 1st period - Matt Duchene wins face-off versus Matt Stajan in neutral zone.
5:38 of 1st period - Jiri Tlusty is hit by Anders Lee and loses puck.
6:40 of 1st period - Eric Gelinas is hit by Morgan Rielly and loses puck.
6:48 of 1st period - Calvin de Haan is hit by Eric Gelinas and loses puck.
6:55 of 1st period - Shot by Derek Dorsett.
6:55 of 1st period - Shot Blocked by Nikita Nikitin.
6:57 of 1st period - Shot by Morgan Rielly.
6:57 of 1st period - Stopped by Kevin Poulin without a rebound.
6:58 of 1st period - Ryan Kesler wins face-off versus Riley Sheahan in MapleLeafs zone.
7:11 of 1st period - Shot by Taylor Hall.
7:11 of 1st period - Stopped by Kevin Poulin without a rebound.
7:12 of 1st period - Ryan White wins face-off versus David Desharnais in MapleLeafs zone.
7:12 of 1st period - Ryan White is hit by Derek Dorsett.
7:26 of 1st period - Icing by Morgan Rielly.
7:27 of 1st period - David Desharnais wins face-off versus Riley Sheahan in Capitals zone.
7:27 of 1st period - David Desharnais is hit by Jiri Sekac.
7:38 of 1st period - Shot by Derek Dorsett.
7:38 of 1st period - Stopped by Kevin Poulin without a rebound.
7:39 of 1st period - Brock Nelson wins face-off versus Mathieu Perreault in MapleLeafs zone.
7:39 of 1st period - Brock Nelson is hit by Cody Eakin.
7:54 of 1st period - Minor Penalty to Brock Nelson for Tripping.
7:55 of 1st period - Ryan Kesler wins face-off versus Matt Duchene in MapleLeafs zone.
8:08 of 1st period - Shot by David Desharnais.
8:08 of 1st period - Shot Misses the Net.
8:14 of 1st period - Shot by Ryan Kesler.
8:14 of 1st period - Deflect By David Desharnais.
8:14 of 1st period - Shot Misses the Net.
8:20 of 1st period - Shot by Ryan McDonagh.
8:20 of 1st period - Stopped by Kevin Poulin with a rebound.
8:22 of 1st period - Shot by Ryan McDonagh.
8:22 of 1st period - Stopped by Kevin Poulin without a rebound.
8:23 of 1st period - Matt Duchene wins face-off versus Mathieu Perreault in MapleLeafs zone.
8:40 of 1st period - Shot by Mathieu Perreault.
8:40 of 1st period - Stopped by Kevin Poulin without a rebound.
8:41 of 1st period - Antoine Roussel wins face-off versus Jiri Tlusty in MapleLeafs zone.
8:49 of 1st period - Icing by David Desharnais.
8:50 of 1st period - Ryan Kesler wins face-off versus Matt Duchene in Capitals zone.
8:57 of 1st period - Shot by David Desharnais.
8:57 of 1st period - Shot Misses the Net.
8:59 of 1st period - Shot by Ryan Kesler.
8:59 of 1st period - Shot Misses the Net.
9:02 of 1st period - David Desharnais is hit by Michael Del Zotto and loses puck.
10:44 of 1st period - Off-side.
10:45 of 1st period - Mathieu Perreault wins face-off versus Riley Sheahan in neutral zone.
11:13 of 1st period - Shot by Mathieu Perreault.
11:13 of 1st period - Shot Hit the Post.
12:39 of 1st period - Anders Lee is hit by Bryce Salvador and loses puck.
13:53 of 1st period - Shot by Mathieu Perreault.
13:53 of 1st period - Shot Misses the Net.
13:55 of 1st period - Shot by Mathieu Perreault.
13:55 of 1st period - Shot Misses the Net.
13:57 of 1st period - Shot by Cody Eakin.
13:57 of 1st period - Stopped by Kevin Poulin with a rebound.
13:59 of 1st period - Shot by Jiri Tlusty.
13:59 of 1st period - Deflect By Mathieu Perreault.
13:59 of 1st period - Goal by Mathieu Perreault - MapleLeafs : 1 - Capitals : 1.
14:00 of 1st period - Brock Nelson wins face-off versus Matt Stajan in neutral zone.
14:03 of 1st period - Shot by Milan Lucic.
14:03 of 1st period - Stopped by Cam Ward without a rebound.
14:04 of 1st period - Ryan Kesler wins face-off versus Brock Nelson in Capitals zone.
14:13 of 1st period - Shot by Alexander Ovechkin.
14:13 of 1st period - Shot Misses the Net.
14:39 of 1st period - Shot by Alexander Ovechkin.
14:39 of 1st period - Shot Misses the Net.
15:12 of 1st period - Shot by Antoine Roussel.
15:12 of 1st period - Shot Misses the Net.
15:14 of 1st period - Shot by Jiri Sekac.
15:14 of 1st period - Shot Blocked by Andrew Desjardins.
15:18 of 1st period - Shot by Riley Sheahan.
15:18 of 1st period - Stopped by Cam Ward without a rebound.
15:19 of 1st period - Mathieu Perreault wins face-off versus Ryan White in Capitals zone.
15:34 of 1st period - Shot by Mathieu Perreault.
15:34 of 1st period - Stopped by Kevin Poulin with a rebound.
16:00 of 1st period - Shot by Mathieu Perreault.
16:00 of 1st period - Shot Blocked by Nikita Nikitin.
17:11 of 1st period - Icing by Antoine Roussel.
17:12 of 1st period - Riley Sheahan wins face-off versus Andrew Desjardins in MapleLeafs zone.
17:12 of 1st period - Riley Sheahan is hit by Derek Dorsett.
17:13 of 1st period - Minor Penalty to Derek Dorsett for Roughing.
17:14 of 1st period - Matt Duchene wins face-off versus Cody Eakin in Capitals zone.
17:35 of 1st period - Shot by Matt Duchene.
17:35 of 1st period - Goal by Matt Duchene - MapleLeafs : 2 - Capitals : 1.
17:36 of 1st period - Ryan White wins face-off versus Matt Stajan in neutral zone.
18:35 of 1st period - Nick Leddy is hit by Derek Dorsett and loses puck.
18:50 of 1st period - Shot by Brock Nelson.
18:50 of 1st period - Goal by Brock Nelson - MapleLeafs : 3 - Capitals : 1.
18:51 of 1st period - Ryan Kesler wins face-off versus Brock Nelson in neutral zone.
18:56 of 1st period - Icing by Brock Nelson.
18:57 of 1st period - Ryan Kesler wins face-off versus Brock Nelson in MapleLeafs zone.
19:01 of 1st period - Icing by Michael Del Zotto.
19:02 of 1st period - Brock Nelson wins face-off versus Ryan Kesler in MapleLeafs zone.
Goals for this period are 3 for MapleLeafs vs 1 for Capitals.
Shots for this period are 5 for MapleLeafs vs 13 for Capitals.

2nd period


0:01 of 2nd period - Mathieu Perreault wins face-off versus Matt Duchene in neutral zone.
0:19 of 2nd period - Icing by Cody Eakin.
0:20 of 2nd period - Mathieu Perreault wins face-off versus Riley Sheahan in Capitals zone.
1:29 of 2nd period - Shot by David Desharnais.
1:29 of 2nd period - Stopped by Kevin Poulin without a rebound.
1:30 of 2nd period - Matt Duchene wins face-off versus Ryan Kesler in MapleLeafs zone.
1:34 of 2nd period - Off-side.
1:35 of 2nd period - Ryan Kesler wins face-off versus Matt Duchene in neutral zone.
1:40 of 2nd period - Shot by Alexander Ovechkin.
1:40 of 2nd period - Shot Blocked by Nick Leddy.
1:59 of 2nd period - Minor Penalty to Alexander Ovechkin for Tripping.
2:00 of 2nd period - Cody Eakin wins face-off versus Matt Duchene in Capitals zone.
2:32 of 2nd period - Shot by Dwight King.
2:32 of 2nd period - Stopped by Cam Ward without a rebound.
2:33 of 2nd period - Cody Eakin wins face-off versus Brock Nelson in Capitals zone.
3:00 of 2nd period - Shot by Nikita Nikitin.
3:00 of 2nd period - Stopped by Cam Ward with a rebound.
3:02 of 2nd period - Shot by Devante Smith-Pelly.
3:02 of 2nd period - Deflect By Brock Nelson.
3:02 of 2nd period - Goal by Brock Nelson - MapleLeafs : 4 - Capitals : 1.
3:02 of 2nd period - James Reimer enters game.
3:03 of 2nd period - Riley Sheahan wins face-off versus Matt Stajan in neutral zone.
3:14 of 2nd period - Shot by Riley Sheahan.
3:14 of 2nd period - Shot Blocked by Mike Green.
3:16 of 2nd period - Shot by Jiri Sekac.
3:16 of 2nd period - Stopped by James Reimer with a rebound.
3:18 of 2nd period - Shot by Jiri Sekac.
3:18 of 2nd period - Shot Misses the Net.
3:20 of 2nd period - Shot by Jiri Sekac.
3:20 of 2nd period - Stopped by James Reimer without a rebound.
3:21 of 2nd period - David Desharnais wins face-off versus Ryan White in Capitals zone.
3:21 of 2nd period - David Desharnais is hit by Ryan White.
3:53 of 2nd period - Shot by Matt Martin.
3:53 of 2nd period - Shot Misses the Net.
3:55 of 2nd period - Shot by Dennis Seidenberg.
3:55 of 2nd period - Stopped by James Reimer with a rebound.
3:57 of 2nd period - Shot by Nick Leddy.
3:57 of 2nd period - Stopped by James Reimer without a rebound.
3:58 of 2nd period - Mathieu Perreault wins face-off versus Brock Nelson in Capitals zone.
4:08 of 2nd period - Minor Penalty to Michael Del Zotto for Interference.
4:09 of 2nd period - Alexander Semin wins face-off versus Brock Nelson in MapleLeafs zone.
4:14 of 2nd period - Shot by Mathieu Perreault.
4:14 of 2nd period - Stopped by Kevin Poulin without a rebound.
4:15 of 2nd period - Brock Nelson wins face-off versus Ryan Kesler in MapleLeafs zone.
4:25 of 2nd period - Icing by Mike Green.
4:26 of 2nd period - Ryan Kesler wins face-off versus Matt Duchene in Capitals zone.
4:26 of 2nd period - Ryan Kesler is hit by Milan Lucic.
4:52 of 2nd period - Brock Nelson is hit by Jiri Tlusty and loses puck.
6:39 of 2nd period - Shot by Riley Sheahan.
6:39 of 2nd period - Stopped by James Reimer without a rebound.
6:40 of 2nd period - Mathieu Perreault wins face-off versus Ryan White in Capitals zone.
6:48 of 2nd period - Off-side.
6:49 of 2nd period - Mathieu Perreault wins face-off versus Ryan White in neutral zone.
6:54 of 2nd period - Icing by Nikita Nikitin.
6:55 of 2nd period - David Desharnais wins face-off versus Ryan White in MapleLeafs zone.
7:21 of 2nd period - Cody Hodgson is hit by Calvin de Haan and loses puck.
7:34 of 2nd period - Shot by Matt Martin.
7:34 of 2nd period - Stopped by James Reimer without a rebound.
7:34 of 2nd period - Minor Penalty to Calvin de Haan for Hooking.
7:35 of 2nd period - Matt Duchene wins face-off versus Cody Eakin in Capitals zone.
7:40 of 2nd period - Shot by Milan Lucic.
7:40 of 2nd period - Stopped by James Reimer without a rebound.
7:41 of 2nd period - Cody Eakin wins face-off versus Matt Duchene in Capitals zone.
7:50 of 2nd period - Shot by Michael Del Zotto.
7:50 of 2nd period - Shot Misses the Net.
7:52 of 2nd period - Shot by Nick Leddy.
7:52 of 2nd period - Stopped by James Reimer with a rebound.
8:48 of 2nd period - Shot by Devante Smith-Pelly.
8:48 of 2nd period - Deflect By Brock Nelson.
8:48 of 2nd period - Stopped by James Reimer with a rebound.
8:50 of 2nd period - Shot by Anders Lee.
8:50 of 2nd period - Shot Blocked by Mike Green.
8:52 of 2nd period - Shot by Brock Nelson.
8:52 of 2nd period - Stopped by James Reimer without a rebound.
8:53 of 2nd period - Brock Nelson wins face-off versus Cody Eakin in Capitals zone.
8:59 of 2nd period - Brock Nelson is hit by Nate Guenin.
9:01 of 2nd period - Shot by Anders Lee.
9:01 of 2nd period - Shot Misses the Net.
9:03 of 2nd period - Shot by Anders Lee.
9:03 of 2nd period - Shot Misses the Net.
9:37 of 2nd period - Shot by Matt Duchene.
9:37 of 2nd period - Stopped by James Reimer without a rebound.
9:38 of 2nd period - Riley Sheahan wins face-off versus Matt Stajan in Capitals zone.
9:38 of 2nd period - Riley Sheahan is hit by Calvin de Haan.
9:49 of 2nd period - Riley Sheahan is hit by Calvin de Haan and loses puck.
9:55 of 2nd period - Minor Penalty to Calvin de Haan for Hooking.
9:56 of 2nd period - Cody Eakin wins face-off versus Matt Duchene in Capitals zone.
10:49 of 2nd period - Shot by Nikita Nikitin.
10:49 of 2nd period - Stopped by James Reimer with a rebound.
10:59 of 2nd period - Shot by Brock Nelson.
10:59 of 2nd period - Shot Misses the Net.
11:01 of 2nd period - Shot by Devante Smith-Pelly.
11:01 of 2nd period - Goal by Devante Smith-Pelly - MapleLeafs : 5 - Capitals : 1.
11:02 of 2nd period - Matt Stajan wins face-off versus Riley Sheahan in neutral zone.
11:30 of 2nd period - Shot by Matt Stajan.
11:30 of 2nd period - Shot Blocked by Nikita Nikitin.
11:32 of 2nd period - Shot by Bryce Salvador.
11:32 of 2nd period - Shot Misses the Net.
12:41 of 2nd period - Minor Penalty to Anders Lee for Holding.
12:42 of 2nd period - Mathieu Perreault wins face-off versus Brock Nelson in MapleLeafs zone.
13:15 of 2nd period - Shot by Ryan McDonagh.
13:15 of 2nd period - Shot Blocked by Nick Leddy.
13:17 of 2nd period - Shot by Mike Green.
13:17 of 2nd period - Shot Misses the Net.
13:19 of 2nd period - Shot by Mathieu Perreault.
13:19 of 2nd period - Shot Misses the Net.
14:52 of 2nd period - Shot by Alexander Ovechkin.
14:52 of 2nd period - Shot Misses the Net.
15:58 of 2nd period - Shot by Jiri Sekac.
15:58 of 2nd period - Stopped by James Reimer without a rebound.
15:59 of 2nd period - Ryan Kesler wins face-off versus Brock Nelson in Capitals zone.
15:59 of 2nd period - Ryan Kesler is hit by Milan Lucic.
16:13 of 2nd period - Shot by Ryan Kesler.
16:13 of 2nd period - Stopped by Kevin Poulin without a rebound.
16:14 of 2nd period - David Desharnais wins face-off versus Matt Duchene in MapleLeafs zone.
16:35 of 2nd period - Shot by Anders Lee.
16:35 of 2nd period - Shot Misses the Net.
16:37 of 2nd period - Shot by Anders Lee.
16:37 of 2nd period - Stopped by James Reimer without a rebound.
16:38 of 2nd period - Brock Nelson wins face-off versus Ryan Kesler in Capitals zone.
16:38 of 2nd period - Brock Nelson is hit by Calvin de Haan.
16:40 of 2nd period - Shot by Dwight King.
16:40 of 2nd period - Stopped by James Reimer with a rebound.
17:07 of 2nd period - Dwight King is hit by Calvin de Haan and loses puck.
17:59 of 2nd period - Bryce Salvador is hit by Eric Gelinas and loses puck.
18:11 of 2nd period - Icing by Anders Lee.
18:12 of 2nd period - Matt Duchene wins face-off versus David Desharnais in MapleLeafs zone.
18:41 of 2nd period - Shot by Jiri Sekac.
18:41 of 2nd period - Stopped by James Reimer without a rebound.
18:42 of 2nd period - Brock Nelson wins face-off versus Matt Stajan in Capitals zone.
18:48 of 2nd period - Dwight King is hit by Nate Guenin and loses puck.
19:13 of 2nd period - Shot by Matt Stajan.
19:13 of 2nd period - Stopped by Kevin Poulin without a rebound.
19:14 of 2nd period - Riley Sheahan wins face-off versus Ryan Kesler in MapleLeafs zone.
19:21 of 2nd period - Antoine Roussel is hit by Ryan Kesler and loses puck.
19:31 of 2nd period - Ryan Kesler is hit by Ben Lovejoy and loses puck.
Goals for this period are 2 for MapleLeafs vs 0 for Capitals.
Shots for this period are 20 for MapleLeafs vs 4 for Capitals.

3rd period


0:01 of 3rd period - Mathieu Perreault wins face-off versus Brock Nelson in neutral zone.
0:03 of 3rd period - Mike Green is hit by Dennis Seidenberg and loses puck.
0:14 of 3rd period - Shot by Dwight King.
0:14 of 3rd period - Shot Misses the Net.
0:23 of 3rd period - Icing by Ryan McDonagh.
0:24 of 3rd period - Matt Duchene wins face-off versus Mathieu Perreault in Capitals zone.
1:34 of 3rd period - Shot by Ryan Kesler.
1:34 of 3rd period - Shot Misses the Net.
1:36 of 3rd period - Shot by Bryce Salvador.
1:36 of 3rd period - Shot Misses the Net.
2:04 of 3rd period - Shot by David Desharnais.
2:04 of 3rd period - Stopped by Kevin Poulin with a rebound.
2:06 of 3rd period - Shot by Calvin de Haan.
2:06 of 3rd period - Shot Misses the Net.
2:08 of 3rd period - Shot by Derek Dorsett.
2:08 of 3rd period - Shot Misses the Net.
2:10 of 3rd period - Shot by Andrew Desjardins.
2:10 of 3rd period - Shot Misses the Net.
2:14 of 3rd period - Shot by Andrew Desjardins.
2:14 of 3rd period - Shot Misses the Net.
2:50 of 3rd period - Jiri Sekac is hit by Derek Dorsett and loses puck.
2:59 of 3rd period - Calvin de Haan is hit by Antoine Roussel and loses puck.
3:28 of 3rd period - Shot by Matt Duchene.
3:28 of 3rd period - Stopped by James Reimer without a rebound.
3:29 of 3rd period - Ryan Kesler wins face-off versus Ryan White in Capitals zone.
3:57 of 3rd period - Shot by Cody Hodgson.
3:57 of 3rd period - Stopped by James Reimer without a rebound.
3:58 of 3rd period - Matt Duchene wins face-off versus Mathieu Perreault in Capitals zone.
4:15 of 3rd period - Shot by Matt Duchene.
4:15 of 3rd period - Shot Misses the Net.
4:43 of 3rd period - Minor Penalty to Antoine Roussel for Holding.
4:44 of 3rd period - Brock Nelson wins face-off versus Ryan Kesler in MapleLeafs zone.
5:11 of 3rd period - Shot by David Desharnais.
5:11 of 3rd period - Stopped by Kevin Poulin without a rebound.
5:12 of 3rd period - Mathieu Perreault wins face-off versus Brock Nelson in MapleLeafs zone.
5:19 of 3rd period - Shot by Mathieu Perreault.
5:19 of 3rd period - Deflect By Alexander Semin.
5:19 of 3rd period - Shot Blocked by Michael Del Zotto.
5:23 of 3rd period - Shot by Mike Green.
5:23 of 3rd period - Stopped by Kevin Poulin without a rebound.
5:24 of 3rd period - Devante Smith-Pelly wins face-off versus Mathieu Perreault in MapleLeafs zone.
5:32 of 3rd period - Off-side.
5:33 of 3rd period - Ryan Kesler wins face-off versus Brock Nelson in neutral zone.
5:49 of 3rd period - Shot by Ryan McDonagh.
5:49 of 3rd period - Shot Blocked by Nikita Nikitin.
6:09 of 3rd period - Shot by Ryan McDonagh.
6:09 of 3rd period - Stopped by Kevin Poulin without a rebound.
6:10 of 3rd period - Brock Nelson wins face-off versus Mathieu Perreault in MapleLeafs zone.
6:18 of 3rd period - Off-side.
6:19 of 3rd period - Cody Eakin wins face-off versus Brock Nelson in neutral zone.
6:26 of 3rd period - Shot by Bryce Salvador.
6:26 of 3rd period - Shot Hit the Post.
6:28 of 3rd period - Shot by Mathieu Perreault.
6:28 of 3rd period - Shot Misses the Net.
6:43 of 3rd period - Icing by Nick Leddy.
6:44 of 3rd period - Riley Sheahan wins face-off versus Ryan Kesler in MapleLeafs zone.
6:51 of 3rd period - Shot by Jiri Sekac.
6:51 of 3rd period - Shot Misses the Net.
7:02 of 3rd period - Alexander Ovechkin is hit by Nikita Nikitin and loses puck.
7:25 of 3rd period - Shot by Ryan Kesler.
7:25 of 3rd period - Shot Misses the Net.
7:27 of 3rd period - Shot by Taylor Hall.
7:27 of 3rd period - Stopped by Kevin Poulin without a rebound.
7:28 of 3rd period - Mathieu Perreault wins face-off versus Brock Nelson in MapleLeafs zone.
8:06 of 3rd period - Minor Penalty to Dwight King for Hooking.
8:07 of 3rd period - Brock Nelson wins face-off versus Ryan Kesler in MapleLeafs zone.
8:07 of 3rd period - Brock Nelson is hit by Ryan Kesler.
8:37 of 3rd period - Shot by Mike Green.
8:37 of 3rd period - Shot Hit the Post.
8:39 of 3rd period - Shot by Ryan Kesler.
8:39 of 3rd period - Shot Blocked by Matt Duchene.
8:41 of 3rd period - Shot by Mike Green.
8:41 of 3rd period - Stopped by Kevin Poulin without a rebound.
8:42 of 3rd period - Brock Nelson wins face-off versus Mathieu Perreault in MapleLeafs zone.
9:06 of 3rd period - Icing by Alexander Semin.
9:07 of 3rd period - Mathieu Perreault wins face-off versus Matt Duchene in Capitals zone.
9:58 of 3rd period - Ryan Kesler is hit by Milan Lucic and loses puck.
10:19 of 3rd period - Shot by Taylor Hall.
10:19 of 3rd period - Shot Misses the Net.
11:27 of 3rd period - Minor Penalty to Ryan White for Tripping.
11:28 of 3rd period - Brock Nelson wins face-off versus Alexander Semin in MapleLeafs zone.
13:27 of 3rd period - Icing by Cody Eakin.
13:28 of 3rd period - Taylor Hall wins face-off versus Jiri Sekac in Capitals zone.
14:18 of 3rd period - Icing by Riley Sheahan.
14:19 of 3rd period - David Desharnais wins face-off versus Jiri Sekac in MapleLeafs zone.
15:53 of 3rd period - Off-side.
15:54 of 3rd period - Brock Nelson wins face-off versus Ryan Kesler in neutral zone.
15:57 of 3rd period - Shot by Eric Gelinas.
15:57 of 3rd period - Stopped by James Reimer without a rebound.
15:58 of 3rd period - Ryan Kesler wins face-off versus Brock Nelson in Capitals zone.
16:53 of 3rd period - Icing by Mike Green.
16:54 of 3rd period - Ryan White wins face-off versus Ryan Kesler in Capitals zone.
17:18 of 3rd period - Shot by Cody Hodgson.
17:18 of 3rd period - Stopped by James Reimer with a rebound.
17:32 of 3rd period - Shot by Ryan White.
17:32 of 3rd period - Shot Misses the Net.
17:45 of 3rd period - Minor Penalty to Bryce Salvador for Hooking.
17:46 of 3rd period - Cody Eakin wins face-off versus Brock Nelson in Capitals zone.
17:52 of 3rd period - Icing by Eric Gelinas.
17:53 of 3rd period - Cody Eakin wins face-off versus Brock Nelson in MapleLeafs zone.
18:58 of 3rd period - Shot by Milan Lucic.
18:58 of 3rd period - Shot Misses the Net.
19:12 of 3rd period - Shot by Nick Leddy.
19:12 of 3rd period - Shot Blocked by Ryan McDonagh.
19:14 of 3rd period - Shot by Matt Duchene.
19:14 of 3rd period - Shot Misses the Net.
19:16 of 3rd period - Shot by Nick Leddy.
19:16 of 3rd period - Stopped by James Reimer without a rebound.
19:17 of 3rd period - Brock Nelson wins face-off versus Ryan Kesler in Capitals zone.
19:42 of 3rd period - Shot by Nick Leddy.
19:42 of 3rd period - Stopped by James Reimer without a rebound.
19:43 of 3rd period - David Desharnais wins face-off versus Matt Duchene in Capitals zone.
Goals for this period are 0 for MapleLeafs vs 0 for Capitals.
Shots for this period are 6 for MapleLeafs vs 6 for Capitals.